 Dungeon Crawl Stone Soup version 0.18.1-50-g88ac8fd (webtiles) character file.

224 RudyRod the Skirmisher (level 5, 0/42 HPs)
             Began as a Demonspawn Abyssal Knight on Oct 12, 2016.
             Was a Priest of Lugonu.
             Slain by Rationalist's ghost (11 damage)
             ... on level 4 of the Dungeon.
             The game lasted 00:16:13 (4563 turns).

RudyRod the Skirmisher (Demonspawn Abyssal Knight)  Turns: 4563, Time: 00:16:13

Health: 0/42       AC:  5    Str: 13    XL:     5   Next: 67%
Magic:  7/7        EV: 12    Int: 13    God:    Lugonu [***...]
Gold:   213        SH:  0    Dex: 13    Spells: 0 memorised, 4 levels left

rFire  . . .     SeeInvis .       - Unarmed
rCold  . . .     Gourm    .     a - +0 leather armour
rNeg   . . .     Faith    .     (no shield)
rPois  .         Spirit   .     (no helmet)
rElec  .         Dismiss  .     (no cloak)
rCorr  +         Reflect  .     n - +0 pair of gloves
SustAt .         Harm     .     (no boots)
MR     .....                    (no amulet)
Stlth  +.........               (no ring)
                                t - ring of resist corrosion

@: not resistant to hostile enchantments, very unstealthy
A: claws 1, molten scales 1
a: Depart the Abyss, Bend Space, Banish, Renounce Religion


You were on level 4 of the Dungeon.
You worshipped Lugonu.
Lugonu was most pleased with you.
You were hungry.

You visited 1 branch of the dungeon, and saw 4 of its levels.
You visited the Abyss 1 time.

You collected 213 gold pieces.

Inventory:

Hand Weapons
 c - a +0 dagger
Armour
 a - a +0 leather armour (worn)
 m - a +0 pair of gloves
 n - a +0 pair of gloves (worn)
Jewellery
 t - a ring of resist corrosion (left hand)
Wands
 h - a wand of polymorph (6/24)
Scrolls
 d - 2 scrolls of identify {unknown}
 f - a scroll of remove curse {unknown}
 g - a scroll of enchant weapon {unknown}
 j - a scroll of immolation {unknown}
 k - a scroll of enchant armour {unknown}
 p - 2 scrolls of fear {unknown}
 r - a scroll of recharging {unknown}
 s - a scroll of amnesia {unknown}
 u - a scroll of teleportation {unknown}
 v - a scroll of fog {unknown}
Potions
 e - a potion of curing
 o - a potion of flight {unknown}
Comestibles
 b - 3 bread rations
 i - 2 beef jerkies
 l - a royal jelly
 q - 7 fruits
 x - a meat ration


   Skills:
 * Level 3.9 Fighting
 * Level 2.5 Armour
 * Level 2.2 Dodging
 * Level 1.2 Stealth
 * Level 3.1 Unarmed Combat
 * Level 3.5 Invocations


You had 4 spell levels left.
You didn't know any spells.

Dungeon Overview and Level Annotations

Branches:
Dungeon (4/15)
 Temple: D:4-7

Altars:
Elyvilon
Nemelex Xobeh
Okawaru
Sif Muna
Trog
Vehumet
The Shining One

Annotations:
D:4 Rationalist's ghost, amateur MiGl


Innate Abilities, Weirdness & Mutations

You have sharp fingernails.
You are partially covered in molten scales (AC +1).


Message History

Rationalist's ghost says, "Missed me!"
You are feeling hungry.
There is a stone staircase leading down here.
There is a stone staircase leading up here.
You miss Rationalist's ghost. Rationalist's ghost hits you!
You barely miss Rationalist's ghost. Rationalist's ghost barely misses you.
You hit Rationalist's ghost.
Rationalist's ghost is lightly damaged.
Rationalist's ghost hits you!
You miss Rationalist's ghost.
Rationalist's ghost is lightly damaged.
Rationalist's ghost hits you.
You closely miss Rationalist's ghost.
Rationalist's ghost is lightly damaged.
Rationalist's ghost hits you!
* * * LOW HITPOINT WARNING * * *
You miss Rationalist's ghost.
Rationalist's ghost is lightly damaged.
Rationalist's ghost hits you!
You die...

#.# #...# #..#.#.##.......# #.#
#...# #..#.#.#####..#.# #.#
#...# #(.#.#.# ##.#.#
#.###...###..#.#.# #...#
.............#...# ##..#
#.##########.###########..######
#.#........#.#...>.....)........
#.#.######.#.#.#########..######
#.#.#... #.#.#.#@W.......>#
#.#.#.##.#.#.#.########.#.#
#.#..<...#.#.#.# #.#.#
#.########.#.#.# #.#.#
#..........#.#.# #.#.#
############.#.# #.#.# #.#.#
#)#.# #.#.# #.#.#
#W#.########.#.#


You could see Rationalist's ghost.

Vanquished Creatures
  An orc priest (D:3)
  Terence (D:2)
  6 adders
  3 oozes (D:1)
  An adder skeleton (D:4)
  5 dart slugs
  A giant gecko (D:3)
  11 orcs
  5 bats
  7 giant cockroaches
  6 goblins
  5 hobgoblins
  3 jackals
  2 quokkas (D:3)
  A ball python (D:1)
  7 giant newts
  5 kobolds
  15 rats
85 creatures vanquished.

Notes
Turn   | Place    | Note
--------------------------------------------------------------
     0 | Abyss:1  | RudyRod the Demonspawn Abyssal Knight began the quest for the Orb.
     0 | Abyss:1  | Reached XP level 1. HP: 18/18 MP: 2/2
    35 | Abyss:1  | Noticed a soul eater
    39 | D:1      | Escaped the Abyss
   571 | D:1      | Gained mutation: You are partially covered in molten scales (AC +1). [demonic ancestry]
   571 | D:1      | Reached XP level 2. HP: 18/24 MP: 3/3
   781 | D:1      | Reached skill level 1 in Dodging
   796 | D:1      | Reached * piety under Lugonu
  1183 | D:1      | Reached XP level 3. HP: 23/29 MP: 4/4
  1654 | D:2      | Reached skill level 1 in Stealth
  1982 | D:2      | Gained mutation: You have sharp fingernails. [demonic ancestry]
  1982 | D:2      | Reached XP level 4. HP: 30/35 MP: 6/6
  2604 | D:2      | Noticed Terence
  2617 | D:2      | Killed Terence
  3042 | D:3      | Reached XP level 5. HP: 10/42 MP: 7/7
  3346 | D:3      | Reached ** piety under Lugonu
  3769 | D:3      | Found a faded altar to an unknown god.
  3944 | D:3      | Found a white marble altar of Elyvilon.
  3945 | D:3      | Found a bloodstained altar of Trog.
  3945 | D:3      | Found a sparkling altar of Nemelex Xobeh.
  3945 | D:3      | Found a glowing golden altar of the Shining One.
  3946 | D:3      | Found a deep blue altar of Sif Muna.
  3946 | D:3      | Found a radiant altar of Vehumet.
  3961 | D:3      | Found an iron altar of Okawaru.
  4098 | D:3      | Reached *** piety under Lugonu
  4348 | D:4      | Noticed Rationalist's ghost (amateur MiGl)
  4563 | D:4      | Slain by Rationalist's ghost

Skill      XL: |  1  2  3  4  5 |
---------------+----------------+-----
Unarmed Combat | 2 3 |  3.1
Dodging        | 1 2 |  2.2
Armour         | 2 |  2.5
Stealth        | 1 |  1.2
Invocations    | 3 |  3.5
Fighting       | |  3.9

Action                   |  1- 3 |  4- 6 || total
-------------------------+-------+-------++-------
Melee: Unarmed           |   158 |   323 ||   481
       Punch             |       |     4 ||     4
Invok: Depart the Abyss  |     1 |       ||     1
  Use: Potion            |       |     3 ||     3
 Stab: Sleeping          |     1 |       ||     1
       Distracted        |       |     1 ||     1
  Eat: Chunk             |     3 |     9 ||    12
Armor: Leather armour    |    43 |    99 ||   142
Dodge: Dodged            |    92 |   199 ||   291
